 Dungeon Crawl Stone Soup version 0.28.0-53-g5a82cb258f (webtiles) character file.

Game seed: 16485956905815272927

304 Tirrikindir the Covered (level 6, -2/34 HPs)
             Began as a Gargoyle Fighter on Aug 15, 2022.
             Was a Believer of Hepliaklqana.
             Slain by a gnoll
             ... wielding a +0 club
              (5 damage)
             ... on level 5 of the Dungeon.
             The game lasted 00:09:21 (4100 turns).

Tirrikindir the Covered (Gargoyle Fighter)          Turns: 4100, Time: 00:09:21

Health: -2/34      AC: 17    Str: 16 (19) XL:     6   Next: 38%
Magic:  6/6        EV:  6    Int:  7 (9)  God:    Hepliaklqana [**....]
Gold:   64         SH:  4    Dex:  9 (11) Spells: 5/5 levels left

rFire   . . .      SeeInvis .   o - +0 morningstar
rCold   . . .      Faith    .   c - +0 buckler
rNeg    + + .      Spirit   .   g - +0 chain mail
rPois   ∞          Reflect  .   j - +0 helmet
rElec   +          Harm     .   (no cloak)
rCorr   .          Rampage  .   e - +0 pair of gloves
Will    .....                   i - +0 pair of boots
Stlth   ..........              (no amulet)
HPRegen 0.11/turn               b - ring of positive energy
MPRegen 0.10/turn               (no ring)

@: no status effects
A: reduced essence, sickness immunity, AC +4, negative energy resistance 1,
electricity resistance, torment resistance 1, petrification resistance
a: Renounce Religion, Recall Ancestor, Ancestor Identity


You were on level 5 of the Dungeon.
You worshipped Hepliaklqana.
Hepliaklqana was pleased with you.
You visited 1 branch of the dungeon, and saw 5 of its levels.

You collected 152 gold pieces.
You spent 88 gold pieces at shops.

Inventory:

Hand Weapons
 o - a +0 morningstar (weapon)
Armour
 c - a +0 buckler (worn)
 e - a +0 pair of gloves (worn)
 g - a +0 chain mail (worn)
 i - a +0 pair of boots (worn)
 j - a +0 helmet (worn)
Jewellery
 b - a ring of positive energy (left hand)
Scrolls
 k - 2 scrolls of amnesia
 l - a scroll of teleportation
 m - a scroll of magic mapping
Potions
 d - 2 potions of might
 h - 2 potions of curing
 n - a potion of brilliance {unknown}


   Skills:
 - Level 4.0 Fighting
 * Level 4.2 Maces & Flails
 + Level 4.3 Armour
 + Level 1.9 Dodging
 + Level 4.3 Shields


You had 5 spell levels left.
You didn't know any spells.
Your spell library was empty.

Dungeon Overview and Level Annotations

Branches:
Dungeon (5/15)
 Temple: D:4-7

Altars:
Hepliaklqana

Shops:
D:3 (*(*   D:4 :


Innate Abilities, Weirdness & Mutations

Your life essence is reduced to manifest your ancestor. (-10% HP)
You are immune to sickness and miasma.
Your stone body is resilient. (AC +4)
You are immune to poison.
You resist negative energy. (rN+)
You are resistant to electric shocks. (rElec)
You are resistant to unholy torment.
You are immune to petrification.


Message History

You throw a boomerang. The boomerang hits the gnoll.
The gnoll is moderately wounded.
Takurtum gestures at the gnoll while chanting.
The gnoll seems to slow down.
Takurtum gestures at the gnoll while chanting.
The gnoll seems to slow down.
Unknown command.
You closely miss the gnoll. The gnoll hits you but does no damage.
Takurtum points at the gnoll and mumbles some strange words.
The gnoll resists with some effort.
The gnoll barely misses you.
You barely miss the gnoll. The gnoll hits you with a +0 halberd!
The gnoll hits you with a +0 spear.
You hit the gnoll.
The gnoll is moderately wounded.
The gnoll hits you with a +0 spear. The gnoll hits you with a +0 halberd.
You swap places.
The gnoll hits you but does no damage.
Takurtum hits the gnoll but does no damage.
Takurtum drains the gnoll.
The gnoll hits Takurtum with a +0 spear.
Takurtum hits the gnoll with a +0 dagger of draining.
You see here a +0 chain mail.
Takurtum casts a spell at the gnoll.
The gnoll seems to slow down.
You see here a +0 chain mail.
You swap places.
The gnoll hits you from afar with a +0 spear.
The gnoll hits you with a +0 club.
* * * LOW HITPOINT WARNING * * *
Takurtum gestures at the gnoll while chanting.
The gnoll resists with some effort.
You hit the gnoll.
The gnoll is lightly wounded.
The gnoll hits you but does no damage. The gnoll hits you with a +0 club.
* * * LOW HITPOINT WARNING * * *
Takurtum points at the gnoll and mumbles some strange words.
The gnoll resists with some effort.
The gnoll barely misses you.
You puncture the gnoll!
The gnoll is severely wounded.
The gnoll hits you with a +0 club.
You die...

#........[
#<........
#.........
##.#####..
#.# #.# #.#
#[#####.)#
#R@ggg...#
#.##g.#..>#
#.# ....# .
#.# #.#(..#
#.# .# .##
... .. ..
### ## .


You could see the friendly Takurtum the hexer and 4 gnolls.

Vanquished Creatures
  A gnoll sergeant (D:4)
  Robin (D:2)
  3 adders
  3 gnolls (D:4)
  An orc (D:3)
  4 ball pythons
  7 endoplasms
  4 giant cockroaches (D:1)
  5 hobgoblins
  7 jackals
  7 quokkas
  8 bats
  5 frilled lizards
  10 goblins
  5 kobolds
  6 rats
77 creatures vanquished.

Vanquished Creatures (collateral kills)
  Natasha (thrice) (D:3)
  An adder (D:3)
  An adder skeleton (D:4)
  An orc (D:3)
  A kobold (D:4)
  A rat (D:3)
8 creatures vanquished.

Vanquished Creatures (others)
  An ancestor (D:4)
1 creature vanquished.

Grand Total: 86 creatures vanquished

Notes
Turn   | Place    | Note
-------+----------+-------------------------------------------
     0 | D:1      | Tirrikindir the Gargoyle Fighter began the quest for the
                  | Orb.
     0 | D:1      | Reached XP level 1. HP: 14/14 MP: 1/1
   228 | D:1      | Reached XP level 2. HP: 8/19 MP: 2/2
   701 | D:1      | Reached XP level 3. HP: 14/23 MP: 3/3
  1710 | D:2      | Noticed Robin
  1721 | D:2      | Reached XP level 4. HP: 28/28 MP: 4/4
  1737 | D:2      | Killed Robin
  1738 | D:2      | Reached skill level 1 in Dodging
  2099 | D:3      | Found Sodinave's Weapon Boutique.
  2198 | D:3      | Found a faded altar of an unknown god.
  2200 | D:3      | Found Rimpuebo's Weapon Shop.
  2206 | D:3      | Prayed at the altar of an unknown god.
  2206 | D:3      | Became a worshipper of Hepliaklqana the Forgotten
  2206 | D:3      | Reached * piety under Hepliaklqana
  2207 | D:3      | Noticed Natasha
  2213 | D:3      | Killed Natasha
  2214 | D:3      | Reached XP level 5. HP: 29/29 MP: 5/5
  2332 | D:3      | Found Mimuakos's General Store.
  2341 | D:3      | Bought a potion of curing for 33 gold pieces
  2341 | D:3      | Bought a scroll of magic mapping for 38 gold pieces
  2364 | D:3      | Found Wemecom's Assorted Antiques.
  2375 | D:3      | Bought a glowing yellow potion for 17 gold pieces
  2387 | D:3      | Noticed Natasha
  2395 | D:3      | Killed Natasha
  2618 | D:3      | Noticed Natasha
  2628 | D:3      | Killed Natasha
  3097 | D:4      | Reached XP level 6. HP: 23/34 MP: 6/6
  3348 | D:4      | Reached ** piety under Hepliaklqana
  3349 | D:4      | Remembered your ancestor Takurtum as a hexer
  3374 | D:4      | Found Kivicei's Book Emporium.
  4079 | D:5      | Entered Level 5 of the Dungeon
  4100 | D:5      | Slain by a gnoll

Illustrated notes

Levels and vault maps discovered:
D:1:      heliophobic_arrival_battle_scene, layout_basic, minmay_heptomino_l4
D:2:      layout_basic, serial_park_tiny_2, uniq_robin
D:3:      layout_basic, serial_shops, shop, shop, nicolae_lakefront_shop, shop,
          basic_ecumenical_altar, uniq_natasha
D:4:      layout_basic, serial_shops, shop, minmay_misc_feat_ornament,
          minivault_5, hangedman_decor_peaks_small, fountainhead
D:5:      minmay_clustersquares, layout_loops_ring,
          minmay_misc_feat_four_crosses, minmay_manual_maat

Skill      XL: |  1  2  3  4  5  6 |
---------------+-------------------+-----
Maces & Flails | 3 4 |  4.2
Dodging        | 1 |  1.9
Fighting       | 4 |  4.0
Armour         | 4 |  4.3
Shields        | 4 |  4.3

Action                   |  1- 3 |  4- 6 || total
-------------------------+-------+-------++-------
Melee: Flail             |   144 |   137 ||   281
       Morningstar       |       |     5 ||     5
Throw: Boomerang         |       |     2 ||     2
Invok: Ancestor Identity |       |     1 ||     1
       Ancestor Life: He |       |     1 ||     1
  Use: Scroll            |     1 |     3 ||     4
       Potion            |       |     2 ||     2
 Stab: Distracted        |       |     1 ||     1
Armor: Scale mail        |    78 |       ||    78
       Chain mail        |    15 |    88 ||   103
Dodge: Dodged            |    88 |    53 ||   141
Block: Buckler           |    33 |    29 ||    62
